 Dungeon Crawl Stone Soup version 0.20-a0-299-gec7c366 (webtiles) character file.

29218 snakesoul the Unseen (level 13, -5/79 HPs)
             Began as a Vampire Enchanter on Dec 15, 2016.
             Was the Champion of Dithmenos.
             Slain by a death yak (13 damage)
             ... on level 2 of the Lair of Beasts.
             The game lasted 00:53:12 (20368 turns).

snakesoul the Unseen (Vampire Enchanter)           Turns: 20368, Time: 00:53:13

Health: -5/79      AC:  0    Str:  7    XL:     13   Next: 14%
Magic:  11/27      EV: 24    Int: 18    God:    Dithmenos [******]
Gold:   979        SH:  0    Dex: 24    Spells: 7/32 levels left

rFire  . . .     SeeInvis +     (weapon currently unavailable)
rCold  + . .     Gourm    .     (armour currently unavailable)
rNeg   + + .     Faith    .     (shield currently unavailable)
rPois  +         Spirit   .     (helmet currently unavailable)
rElec  .         Reflect  .     (cloak currently unavailable)
rCorr  .         Harm     .     (gloves currently unavailable)
MR     +....                    (boots currently unavailable)
Stlth  ++++++++++               v - amulet of regeneration
                                (ring currently unavailable)
                                (ring currently unavailable)

@: bat-form, flying, regenerating slowly, wreathed by umbra, very quick
A: fangs 3, see invisible, (unbreathing)
a: End Transformation, Shadow Step, Shadow Form, Renounce Religion


You were on level 2 of the Lair of Beasts.
You worshipped Dithmenos.
Dithmenos was exalted by your worship.
You were very thirsty.
You were in vampire-bat-form.
You visited 3 branches of the dungeon, and saw 16 of its levels.
You also visited: Ossuary.

You collected 979 gold pieces.

Inventory:

Hand Weapons
 a - a +1 dagger (melded)
Armour
 b - a +1 robe (melded)
 d - a +0 cloak (melded)
 o - a +2 helmet (melded)
 w - a +0 pair of gloves (melded)
 L - a +0 pair of boots (melded)
Jewellery
 l - an uncursed ring of protection from fire
 v - an amulet of regeneration (around neck)
 C - the ring "Xaynoz" (melded) {rF+ MR+++ Str+2 Int+5 Dex-2}
   (You found it on level 9 of the Dungeon)

   [ring of intelligence]

   It affects your strength (+2).
   It affects your intelligence (+5).
   It affects your dexterity (-2).
   It protects you from fire.
   It affects your resistance to hostile enchantments.
 N - an uncursed ring of fire
 O - a +5 ring of evasion (melded)
Wands
 Q - a wand of random effects (23/48)
Scrolls
 g - 10 scrolls of remove curse
 i - 7 scrolls of identify
 j - a scroll of blinking {unknown}
 n - 4 scrolls of fog {unknown}
 p - 3 scrolls of noise {unknown}
 q - 11 scrolls of teleportation {unknown}
 u - 3 scrolls of magic mapping {unknown}
 y - 3 scrolls of recharging
 B - 4 scrolls of amnesia {unknown}
 D - a scroll of brand weapon {unknown}
 E - a scroll of acquirement {unknown}
 H - a scroll of summoning {unknown}
 I - 3 scrolls of fear {unknown}
 U - a scroll of torment {unknown}
 V - 2 scrolls of vulnerability {unknown}
 Z - a scroll of silence {unknown}
Potions
 e - 2 potions of agility {unknown}
 f - 4 potions of heal wounds {unknown}
 h - 10 potions of curing
 k - a potion of resistance {unknown}
 m - a potion of brilliance {unknown}
 r - a potion of haste {unknown}
 t - 2 potions of ambrosia {unknown}
 z - 2 potions of magic {unknown}
 A - 2 potions of lignification {unknown}
 F - 2 potions of flight {unknown}
 G - 4 potions of might {unknown}
 J - 3 potions of invisibility {unknown}
 K - a potion of degeneration {unknown}
 M - a potion of cure mutation {unknown}
 P - 2 potions of cancellation {unknown}
 R - 13 potions of blood (quivered)
Books
 c - a book of Maledictions

   Spells                             Type                      Level
   a - Corona                         Hexes                        1
   b - Ensorcelled Hibernation        Hexes/Ice                    2
   c - Confuse                        Hexes                        3
   d - Tukima's Dance                 Hexes                        3
   e - Dazzling Spray                 Conjuration/Hexes            3
 s - a book of Geomancy

   Spells                             Type                      Level
   a - Sandblast                      Earth                        1
   b - Passwall                       Transmutation/Earth          2
   c - Stone Arrow                    Conjuration/Earth            3
   d - Petrify                        Transmutation/Earth          4
   e - Lee's Rapid Deconstruction     Earth                        5
 x - a book of Misfortune

   Spells                             Type                      Level
   a - Confusing Touch                Hexes                        1
   b - Confuse                        Hexes                        3
   c - Gell's Gravitas                Hexes/Translocation          3
   d - Petrify                        Transmutation/Earth          4
   e - Metabolic Englaciation         Hexes/Ice                    5
   f - Yara's Violent Unravelling     Hexes/Transmutation          5
 S - a book of Debilitation

   Spells                             Type                      Level
   a - Corona                         Hexes                        1
   b - Slow                           Hexes                        2
   c - Gell's Gravitas                Hexes/Translocation          3
   d - Inner Flame                    Hexes/Fire                   3
   e - Cause Fear                     Hexes                        4
   f - Leda's Liquefaction            Hexes/Earth                  4
 W - a book of the Earth

   Spells                             Type                      Level
   a - Leda's Liquefaction            Hexes/Earth                  4
   b - Bolt of Magma                  Conjuration/Fire/Earth       5
   c - Statue Form                    Transmutation/Earth          6
   d - Iron Shot                      Conjuration/Earth            6
   e - Shatter                        Earth                        9


   Skills:
 * Level 12.7 Short Blades
 + Level 4.5 Dodging
 + Level 16.9 Stealth
 - Level 10.1 Spellcasting
 - Level 15.0 Hexes


You had 7 spell levels left.
You knew the following spells:

 Your Spells              Type           Power        Failure   Level  Hunger
a - Corona                Hex            ######.      0%          1    None
b - Ensorcelled Hibernat  Hex/Ice        #####.       1%          2    None
c - Confuse               Hex            ######..     1%          3    None
d - Tukima's Dance        Hex            ######..     1%          3    None
e - Slow                  Hex            ######..     1%          2    None
f - Gell's Gravitas       Hex/Tloc       #####.....   1%          3    None
g - Cause Fear            Hex            ######....   1%          4    ###....
h - Leda's Liquefaction   Hex/Erth       #####.....   3%          4    ###....
i - Dazzling Spray        Conj/Hex       #####.       1%          3    None


Dungeon Overview and Level Annotations

Branches:
Dungeon (12/15)            Temple (1/1) D:4            Lair (3/6) D:11
 Spider (0/4) Lair:2          Orc (0/2) D:9
  Swamp: Lair:2-4    Shoals: Lair:2-4

Altars:
Ashenzari
Dithmenos
Elyvilon
Gozag
Hepliaklqana
Makhleb
Nemelex Xobeh
Qazlal
Vehumet


Innate Abilities, Weirdness & Mutations

You heal slowly.
You have razor-sharp teeth.
You have supernaturally acute eyesight. (SInv)
((You can survive without breathing.))


Message History

Casting: Ensorcelled Hibernation
Confirm with . or Enter, or press ? or * to list all spells.
Aiming: Ensorcelled Hibernation
Press: ? - help, Shift-Dir - straight line, f/p - death yak
Aim: a death yak (black smoke, umbra, chance to defeat MR: 10%)
The death yak resists with almost no effort.
The death yak misses you.
Casting: Ensorcelled Hibernation
Confirm with . or Enter, or press ? or * to list all spells.
Okay, then.
You turn into a vampire bat.
Your +1 dagger melds into your body.
Your +0 cloak melds into your body.
Your +2 helmet melds into your body.
Your +0 pair of gloves melds into your body.
Your +0 pair of boots melds into your body.
Your +1 robe melds into your body.
The ring "Xaynoz" {rF+ MR+++ Str+2 Int+5 Dex-2} melds into your body.
Your +5 ring of evasion melds into your body.
You feel stupid. The death yak gores you!
You die...

.................................
.................................
..................>..............
...................§.............
...................§........##...
###.#.##.....#P§##.§.............
.#######....####§#§§.............
......#......#§.§Y#....≈≈P....P≈.
.......#....##§§b§§§...≈P≈≈≈..≈≈≈
#.....#.....##§§§§.....≈≈PP≈P≈≈≈≈
......##......§§§##....≈≈≈≈≈≈P≈≈≈
##.#.%......#....##....≈≈≈≈P≈≈≈≈P
##.##..#......#.##.....PPP≈≈≈≈≈≈≈
............#.#.##....♣≈≈P≈≈≈≈≈≈;
......................♣P≈≈≈≈≈≈≈;≈
#P#.#####P####.##.##.♣♣P≈≈≈≈≈≈≈≈≈
##### ### #########♣♣P≈≈≈≈≈≈≈P


You could see a death yak.

Vanquished Creatures
  3 hydras (Lair:2)
  5 two-headed ogres
  Urug (D:12)
  A death yak (Lair:2)
  Pikel (D:7)
  A manticore (D:12)
  An ugly thing (D:10)
  Maurice (D:11)
  A black mamba (Lair:3)
  Joseph (D:7)
  8 spiny frogs
  A rime drake (Lair:3)
  3 komodo dragons
  A troll (D:12)
  A queen bee (Lair:3)
  3 hornets (D:11)
  11 blink frogs
  4 hippogriffs
  A shadow (D:12)
  20 yaks
  A wraith (D:11)
  3 hungry ghosts
  A wyvern (D:9)
  A basilisk (D:12)
  A soldier ant (D:11)
  Duvessa (D:5)
  11 orc warriors
  5 water moccasins
  3 sky beasts
  A slave (D:7)
  5 ogres
  An eye of draining (D:11)
  4 ice beasts
  A necrophage (D:9)
  8 wolves
  6 centaurs
  6 crocodiles
  A big kobold (D:6)
  14 bullfrogs
  5 scorpions
  Dowan (D:5)
  22 killer bees
  10 wights
  An electric eel (Lair:2)
  11 howler monkeys
  11 crimson imps
  A centaur zombie (D:6)
  A bullfrog zombie (D:11)
  7 hounds
  3 orc priests
  2 jellies (D:5)
  2 iguanas
  17 orc wizards
  7 worker ants
  8 big kobold zombies (Ossuary)
  A hound zombie (D:7)
  2 hound skeletons
  2 mummies
  A worker ant zombie (D:4)
  16 adders
  5 shadow imps
  An ooze (D:2)
  3 adder zombies
  An adder skeleton (D:7)
  3 worms
  A dart slug (D:1)
  6 leopard geckos
  51 orcs
  4 spectral bats (Ossuary)
  4 bat simulacra (Ossuary)
  5 giant cockroaches
  4 gnoll zombies (Ossuary)
  4 goblins
  7 hobgoblins
  16 jackals
  15 kobolds
  7 quokkas
  3 bats
  8 frilled lizards
  3 goblin simulacra (Ossuary)
  5 goblin zombies (Ossuary)
  4 hobgoblin zombies (Ossuary)
  2 kobold simulacra (Ossuary)
  6 kobold zombies
  A leopard gecko skeleton (D:9)
  4 orc zombies (Ossuary)
  5 rats
  2 rat simulacra (Ossuary)
  2 spectral goblins (Ossuary)
  4 spectral kobolds (Ossuary)
  3 spectral rats (Ossuary)
463 creatures vanquished.

Vanquished Creatures (others)
  A slave (D:7)
  An ogre (D:7)
  2 orcs (D:7)
  An orc zombie (D:7)
  A fungus (Lair:2)
  2 plants
8 creatures vanquished.

Grand Total: 471 creatures vanquished

Notes
Turn   | Place    | Note
-------+----------+-------------------------------------------
     0 | D:1      | snakesoul the Vampire Enchanter began the quest for the Orb.
     0 | D:1      | Reached XP level 1. HP: 13/13 MP: 3/3
   817 | D:1      | Reached XP level 2. HP: 19/19 MP: 5/5
   821 | D:1      | Learned a level 2 spell: Ensorcelled Hibernation
   932 | D:1      | Reached skill level 5 in Hexes
  1405 | D:2      | Reached skill level 5 in Stealth
  1405 | D:2      | Reached XP level 3. HP: 24/24 MP: 6/6
  1433 | D:2      | Found a stormy altar of Qazlal.
  1546 | D:2      | Found a burning altar of Makhleb.
  1936 | D:2      | Found a sparkling altar of Nemelex Xobeh.
  2507 | D:3      | Reached XP level 4. HP: 30/30 MP: 8/8
  2530 | D:3      | Learned a level 3 spell: Confuse
  2785 | D:3      | Found an opulent altar of Gozag.
  3105 | D:3      | Noticed a bullfrog
  3112 | D:3      | Killed a bullfrog
  3112 | D:3      | Reached XP level 5. HP: 30/35 MP: 6/9
  3546 | D:3      | Reached skill level 6 in Stealth
  4888 | D:4      | Reached XP level 6. HP: 41/41 MP: 9/11
  5132 | D:4      | Reached skill level 7 in Stealth
  5508 | D:4      | Found a staircase to the Ecumenical Temple.
  5554 | Temple   | Entered the Ecumenical Temple
  5588 | Temple   | Became a worshipper of Dithmenos the Shadowed
  5730 | D:4      | Reached XP level 7. HP: 21/46 MP: 3/12
  6163 | D:4      | Noticed a hippogriff
  6167 | D:4      | Killed a hippogriff
  6406 | D:5      | Entered Level 5 of the Dungeon
  6417 | D:5      | Reached skill level 8 in Stealth
  6480 | D:5      | Reached skill level 5 in Short Blades
  6624 | D:5      | Reached XP level 8. HP: 18/52 MP: 5/14
  7251 | D:5      | Reached * piety under Dithmenos
  7254 | D:5      | Noticed Dowan
  7261 | D:5      | Killed Dowan
  7262 | D:5      | Noticed Duvessa
  7273 | D:5      | Killed Duvessa
  7273 | D:5      | Reached skill level 9 in Stealth
  7525 | D:5      | Reached skill level 5 in Spellcasting
  8089 | D:5      | You fall through a shaft!
  8569 | D:6      | Reached skill level 10 in Stealth
  9082 | D:6      | Reached XP level 9. HP: 57/57 MP: 14/17
  9273 | D:6      | Found a white marble altar of Elyvilon.
  9330 | D:6      | Found a hazy altar of Hepliaklqana.
  9330 | D:6      | Found a radiant altar of Vehumet.
 10007 | D:7      | Reached ** piety under Dithmenos
 10008 | D:7      | Noticed Pikel
 10041 | D:7      | Killed Pikel
 10041 | D:7      | Reached skill level 11 in Stealth
 10041 | D:7      | Reached skill level 10 in Hexes
 10299 | D:7      | Noticed Joseph
 10306 | D:7      | Killed Joseph
 10517 | D:7      | Found a sand-covered staircase.
 10542 | Ossuary  | Entered an ossuary
 10751 | Ossuary  | Reached *** piety under Dithmenos
 11259 | D:8      | Noticed a two-headed ogre
 11272 | D:8      | Killed a two-headed ogre
 11272 | D:8      | Reached skill level 12 in Stealth
 11272 | D:8      | Reached XP level 10. HP: 63/63 MP: 16/20
 11296 | D:8      | Reached **** piety under Dithmenos
 11318 | D:8      | Learned a level 3 spell: Tukima's Dance
 11577 | D:8      | Found a shattered altar of Ashenzari.
 11616 | D:8      | Noticed a two-headed ogre
 11649 | D:8      | Killed a two-headed ogre
 12279 | D:9      | Noticed a two-headed ogre
 12289 | D:9      | Killed a two-headed ogre
 12322 | D:9      | Reached skill level 13 in Stealth
 12853 | D:9      | Found a sparkling altar of Nemelex Xobeh.
 12940 | D:9      | Got a wavering iron ring
 13137 | D:9      | Reached ***** piety under Dithmenos
 13141 | D:9      | Reached XP level 11. HP: 68/68 MP: 11/23
 13270 | D:9      | Found a staircase to the Orcish Mines.
 13692 | D:10     | Entered Level 10 of the Dungeon
 13907 | D:10     | Noticed a red ugly thing
 13911 | D:10     | Killed a red ugly thing
 13980 | D:10     | Reached skill level 10 in Short Blades
 14614 | D:11     | Noticed a two-headed ogre
 14638 | D:10     | Killed a two-headed ogre
 14638 | D:10     | Reached skill level 14 in Stealth
 15155 | D:11     | Identified the ring "Xaynoz" {rF+ MR+++ Str+2 Int+5 Dex-2} (You found it on level 9 of the Dungeon)
 15248 | D:11     | Noticed a two-headed ogre
 15251 | D:11     | Killed a two-headed ogre
 15461 | D:11     | Noticed Maurice
 15463 | D:11     | Killed Maurice
 15592 | D:11     | Found a staircase to the Lair.
 15767 | D:12     | Noticed Urug
 15775 | D:12     | Killed Urug
 15867 | D:12     | Reached skill level 15 in Stealth
 16208 | D:12     | Reached XP level 12. HP: 74/74 MP: 25/25
 16691 | Lair:1   | Entered Level 1 of the Lair of Beasts
 17761 | Lair:2   | Learned a level 2 spell: Slow
 17765 | Lair:2   | Learned a level 3 spell: Gell's Gravitas
 17770 | Lair:2   | Learned a level 4 spell: Cause Fear
 17775 | Lair:2   | Learned a level 4 spell: Leda's Liquefaction
 17779 | Lair:2   | Learned a level 3 spell: Dazzling Spray
 17873 | Lair:2   | Noticed an eight-headed hydra
 17881 | Lair:2   | Killed an eight-headed hydra
 17881 | Lair:2   | Reached skill level 16 in Stealth
 17881 | Lair:2   | Reached skill level 10 in Spellcasting
 18023 | Lair:2   | Noticed an eight-headed hydra
 18028 | Lair:2   | Killed an eight-headed hydra
 18028 | Lair:2   | Reached skill level 15 in Hexes
 18063 | Lair:2   | Found a hole to the Spider Nest.
 18440 | Lair:2   | Reached ****** piety under Dithmenos
 19022 | Lair:2   | Reached XP level 13. HP: 47/79 MP: 5/27
 20368 | Lair:2   | Slain by a death yak

Vault maps used:
D:1:      dpeg_arrival_lava_temple_mockup, minmay_fountain_box
D:2:      wad_lake_hut, lemuel_doored_altar, nemelex_xobeh_ov_fountains_minmay,
          grunt_qazlal_sundering, first_bread, hangedman_decor_growths
D:3:      nicolae_gozag_cash_rules_everything_around_me
D:5:      uniq_duvessa
D:6:      grunt_temple_overflow_open, grunt_potential
D:7:      nicolae_ossuary_entry_giza, nicolae_zen_rock_garden, uniq_joseph,
          uniq_pikel
D:8:      lemuel_crystal_altar
D:9:      david_orc_4, basic_altar
D:11:     david_lair_shrubbed, hangedman_pestilent_swarm, hex_large,
          uniq_maurice
D:12:     uniq_urug
Temple:   nicolae_temple_figure_eight
Lair:1:   lab_entry_generic
Lair:2:   nicolae_spider_entry_non_spiders, serial_bayou_shore_a,
          grunt_megastairs_5
Lair:3:   special_room
Ossuary:  ossuary_zaba_two_paths

Skill      XL: |  1  2  3  4  5  6  7  8  9 10 11 12 13 |
---------------+----------------------------------------+-----
Hexes          | 5 6 7 9 11 12 13 15 | 15.0
Stealth        | 5 6 7 8 10 12 13 15 16 | 16.9
Short Blades   | 2 3 4 5 6 8 9 11 12 | 12.7
Spellcasting   | 3 4 5 7 8 9 10 | 10.1
Dodging        | 3 4 |  4.5

Action                   |  1- 3 |  4- 6 |  7- 9 | 10-12 | 13-15 || total
-------------------------+-------+-------+-------+-------+-------++-------
Melee: Dagger            |    91 |   240 |   637 |   726 |    42 ||  1736
       Bite              |     7 |    16 |    64 |    56 |     1 ||   144
 Cast: Ensorcelled Hiber |     8 |    43 |    53 |   124 |    47 ||   275
       Corona            |     2 |       |       |       |       ||     2
       Confuse           |       |       |    17 |    20 |     9 ||    46
 Abil: Bat Form          |       |       |       |       |     3 ||     3
       End Transformatio |       |       |       |       |     2 ||     2
  Use: Scroll            |     3 |       |       |     1 |       ||     4
       Potion            |       |       |       |     2 |     3 ||     5
 Stab: Sleeping          |    14 |    30 |    73 |   169 |    12 ||   298
       Distracted        |     1 |       |     2 |     1 |     1 ||     5
       Confused          |       |       |    11 |    14 |       ||    25
  Eat: Corpse            |     2 |     7 |     8 |     4 |       ||    21
Armor: Robe              |    23 |    68 |   127 |    66 |    16 ||   300
Dodge: Dodged            |    44 |   122 |   371 |   441 |    91 ||  1069
